 Dungeon Crawl Stone Soup version 0.31-a0-983-g7b6862f502 (webtiles) character file.

Game seed: 4592260234741212630

132 lunkers the Insei (level 4, -4/34 HPs)
             Began as a Demigod Shapeshifter on Nov 2, 2023.
             Slain by an iguana (9 damage)
             ... on level 3 of the Dungeon.
             The game lasted 00:03:26 (2405 turns).

lunkers the Insei (Demigod Shapeshifter)            Turns: 2405, Time: 00:03:27

Health: -4/34      AC:  5    Str: 15    XL:     4   Next: 62%
Magic:  6/6        EV: 11    Int: 12    God:
Gold:   103        SH:  0    Dex: 17    Spells: 3/3 levels left

rFire   . .          .
                       - Unarmed
rCold   . . .        (no shield)
rNeg    . . .        e - +0 ring mail
rPois   .            (helmet currently unavailable)
rElec   .            (cloak currently unavailable)
rCorr   .            (gloves currently unavailable)
SInv    .            (boots currently unavailable)
Will    .....        (no amulet)
Stlth   +            (no ring)
HPRegen 0.25/turn    (no ring)
MPRegen 0.10/turn

%: no passive effects
@: beast-form
A: beast (slay +2), high MP 1, forlorn, divine attributes
a: Begin Untransformation


You were on level 3 of the Dungeon.
You were a hulking beast.
You visited 1 branch of the dungeon, and saw 3 of its levels.

You collected 103 gold pieces.

Inventory:

Missiles
 r - 4 curare-tipped darts
Armour
 a - a +0 animal skin
 e - a +0 ring mail (worn)
 p - a +0 pair of boots
Talismans
 c - a beast talisman
 d - a flux talisman
Wands
 u - a wand of iceblast (12)
Scrolls
 f - a scroll of identify {unknown}
 g - a scroll of teleportation {unknown}
 h - a scroll of vulnerability {unknown}
 i - a scroll of noise {unknown}
 j - a scroll of silence {unknown}
 l - a scroll of enchant armour {unknown}
 q - a scroll of amnesia {unknown}
Potions
 b - a potion of lignification
 k - a potion of ambrosia {unknown}
 m - 2 potions of heal wounds {unknown}
 n - a potion of curing {unknown}
 o - a potion of invisibility {unknown}
 s - 2 potions of attraction {unknown}
 t - a potion of brilliance {unknown}
 v - 2 potions of mutation {unknown}


   Skills:
 - Level 0.8 Fighting
 - Level 1.7 Dodging
 * Level 4.4 Unarmed Combat
 + Level 3.5 Shapeshifting


You had 3 spell levels left.
You didn't know any spells.
Your spell library contained the following spells:

 Spells                   Type           Power      Damage    Failure   Level
 Stone Arrow              Conj/Erth      0%         3d7       89%         3
 Animate Armour           Summ/Erth      0%         N/A       100%        4
 Vhi's Electric Charge    Tloc/Air       0%         N/A       100%        4
 Arcjolt                  Conj/Air       0%         1d10      100%        5
 Lehudib's Crystal Spear  Conj/Erth      0%         10d2      100%        8
 Maxwell's Capacitive Co  Air            0%         ∞         100%        8


Dungeon Overview and Level Annotations

Branches:
Dungeon (3/15)

Annotations:
D:3 3 runed translucent doors, CalledCrash's ghost, amateur HuWn


Innate Abilities, Weirdness & Mutations

You are a hulking beast.
Your limbs bulge with bestial killing power. (Slay +2)
You have an increased reservoir of magic. (+10% MP)
You shall have no god before yourself.
Your divine heritage dramatically boosts your attributes as you level up.


Message History

The iguana misses you.
There are monsters nearby!
There are monsters nearby!
You hit the iguana but do no damage.
The iguana is severely wounded.
The iguana closely misses you.
You hit the iguana.
The iguana is severely wounded.
The iguana bites you.
You closely miss the iguana.
The iguana is severely wounded.
The iguana hisses menacingly.
The iguana barely misses you.
You hit the iguana but do no damage.
The iguana is severely wounded.
The iguana bites you.
* * * LOW HITPOINT WARNING * * *
You completely miss the iguana.
The iguana is severely wounded.
The iguana closely misses you.
You completely miss the iguana.
The iguana is severely wounded.
The iguana bites you!
* * * LOW HITPOINT WARNING * * *
You hit the iguana but do no damage.
The iguana is severely wounded.
The iguana misses you.
You hit the iguana but do no damage.
The iguana is severely wounded.
The iguana bites you!
* * * LOW HITPOINT WARNING * * *
You closely miss the iguana.
The iguana is severely wounded.
The iguana closely misses you.
You barely miss the iguana.
The iguana is severely wounded.
You barely miss the iguana.
The iguana is severely wounded.
The iguana bites you!
You die...

#...+WZ.))# #.##.#
#####...+Z..$## .# #.##.#
........#.....# .. ..##.#
###.....#.#.#. .. ####.#
.....#.###### .# #.# ####)#.#
.# #.# .......# # K# #.#
.###.###.##.#####l# #.#
.###............h.# #.#
.#..........####.## #.#
##.#####.######.#.##########.#
...# #.......###...........#
#### ########.#.############
##.## ###


You could see an iguana and a kobold.

Vanquished Creatures
  5 adders
  3 worms
  4 dart slugs
  An orc (D:3)
  8 ball pythons
  9 bats
  2 endoplasms
  4 giant cockroaches
  9 goblins
  7 hobgoblins
  4 kobolds
  2 quokkas
  3 frilled lizards
  9 rats
70 creatures vanquished.

Notes
Turn   | Place    | Note
-------+----------+-------------------------------------------
     0 | D:1      | lunkers the Demigod Shapeshifter began the quest for the
                  | Orb.
     0 | D:1      | Reached XP level 1. HP: 15/15 MP: 3/3
    79 | D:1      | Reached skill level 3 in Unarmed Combat
   105 | D:1      | Reached XP level 2. HP: 22/22 MP: 4/4
   855 | D:2      | Reached XP level 3. HP: 27/27 MP: 5/5
  1665 | D:2      | Reached skill level 4 in Unarmed Combat
  1813 | D:2      | Reached XP level 4. HP: 27/34 MP: 6/6
  2263 | D:3      | Found a runed translucent gate.
  2264 | D:3      | Found a runed translucent gate.
  2265 | D:3      | Found a runed translucent gate.
  2267 | D:3      | Noticed CalledCrash's ghost (amateur HuWn)
  2405 | D:3      | Slain by an iguana

Illustrated notes

Levels and vault maps discovered:
D:1:      dpeg_arrival_court, layout_rooms, chequers_serial_rivers_micro_a,
          serial_bayou_lagoon_a, roderic_serpentine_path, serial_park_tiny_pond
D:2:      layout_loops_ring, shapermc_ecumenical_altar_gd,
          kennysheep_cross_bottleneck, nicolae_wormholes
D:3:      layout_loops_ring, gammafunk_ghost_necromancy

Skill      XL: |  1  2  3 |
---------------+----------+-----
Unarmed Combat | 3 4 |  4.4
Shapeshifting  | 3 |  3.5
Fighting       | |  0.8
Dodging        | |  1.7

Action                     |  1- 3 |  4- 6 || total
---------------------------+-------+-------++-------
  Melee: Unarmed           |   167 |    58 ||   225
         Punch             |     1 |     5 ||     6
 Armour: Ring mail         |    92 |    33 ||   125
         Animal skin       |     5 |       ||     5
  Dodge: Dodged            |   104 |    30 ||   134

Table legend: (Time is in decaauts)
 A = Elapsed time spent in this place.
 B = Non-inter-level travel time spent in this place.
 C = Inter-level travel time spent in this place.
 D = Time resting spent in this place.
 E = Time spent auto-exploring this place.
 F = Levels seen in this place.
 G = Mean time per level.
                   A        B        C        D        E       F      G
               +--------+--------+--------+--------+--------+-----+--------+
         Total |   2416 |   2377 |     39 |      0 |   1917 |   3 |  805.3 |
       Dungeon |   2416 |   2377 |     39 |      0 |   1917 |   3 |  805.3 |
               +--------+--------+--------+--------+--------+-----+--------+

Top non-repeatable levels by time:
     D:2: 1059 daAuts
     D:1: 854 daAuts
     D:3: 502 daAuts
